 Dungeon Crawl Stone Soup version 0.30-a0-335-ge5acde7520 (webtiles) character file.

Game seed: 1123355585163480638

1303 McGhostyFace the Carver (level 8, -5/61 HPs)
             Began as a Gnoll Wanderer on Oct 31, 2022.
             Was a Priest of Lugonu.
             Shot with an arrow by a centaur (13 damage)
             ... on level 6 of the Dungeon.
             The game lasted 00:09:55 (4913 turns).

McGhostyFace the Carver (Gnoll Wanderer)            Turns: 4913, Time: 00:09:56

Health: -5/61      AC:  4    Str: 11    XL:     8   Next: 57%
Magic:  9/14       EV: 12    Int: 10    God:    Lugonu [***...]
Gold:   317        SH:  5    Dex: 16    Spells: 12/16 levels left

rFire   . . .      SeeInvis .    a - +2 falchion
rCold   . . .      Faith    .    s - +0 buckler
rNeg    . . .      Spirit   .    d - +0 leather armour
rPois   +          Reflect  .    (no helmet)
rElec   .          Harm     .    t - +0 cloak
rCorr   .          Rampage  .    (no gloves)
Will    .....                    (no boots)
Stlth   ++........               (no amulet)
HPRegen 0.30/turn                H - +4 ring of slaying
MPRegen 0.14/turn                h - ring of poison resistance

@: marked, hasted, studying Fighting, very quick
A: fangs 1, strong nose, distributed training
a: Renounce Religion, Depart the Abyss, Banish


You were on level 6 of the Dungeon.
You worshipped Lugonu.
Lugonu was most pleased with you.
You visited 1 branch of the dungeon, and saw 6 of its levels.

You collected 317 gold pieces.

Inventory:

Hand Weapons
 a - a +2 falchion (weapon)
Missiles
 B - 8 poisoned darts
Armour
 d - a +0 leather armour (worn)
 e - a +0 tower shield
 s - a +0 buckler (worn)
 t - a +0 cloak (worn)
Jewellery
 g - a +6 ring of intelligence
 h - a ring of poison resistance (right hand)
 n - a +6 ring of dexterity
 p - an amulet of guardian spirit
 x - a ring of magical power
 y - a ring of positive energy
 H - a +4 ring of slaying (left hand)
Wands
 b - a wand of flame (4)
Scrolls
 c - 3 scrolls of teleportation
 f - 5 scrolls of amnesia {unknown}
 k - 3 scrolls of blinking {unknown}
 l - 3 scrolls of magic mapping {unknown}
 r - a scroll of summoning {unknown}
 A - a scroll of enchant armour {unknown}
 C - a scroll of immolation {unknown}
 E - a scroll of enchant weapon {unknown}
 F - 2 scrolls of fear {unknown}
 G - a scroll of noise {unknown}
 I - a scroll of poison {unknown}
Potions
 i - a potion of degeneration
 m - a potion of cancellation
 o - a potion of resistance
 u - a potion of attraction {unknown}
 v - 2 potions of flight
 w - 2 potions of heal wounds
 z - a potion of mutation {unknown}


   Skills:
 + Level 4.9 Fighting
 + Level 3.5 Short Blades
 + Level 9.3 Long Blades
 + Level 3.5 Axes
 + Level 3.5 Maces & Flails
 + Level 3.5 Polearms
 + Level 3.5 Staves
 + Level 3.5 Ranged Weapons
 + Level 3.5 Throwing
 + Level 3.5 Armour
 + Level 3.5 Dodging
 + Level 3.5 Stealth
 + Level 3.5 Shields
 + Level 3.5 Unarmed Combat
 + Level 4.5 Spellcasting
 + Level 2.9 Conjurations
 + Level 2.9 Hexes
 + Level 4.8 Summonings
 + Level 2.9 Necromancy
 + Level 2.9 Translocations
 + Level 2.9 Transmutations
 + Level 2.9 Fire Magic
 + Level 2.9 Ice Magic
 + Level 2.9 Air Magic
 + Level 2.9 Earth Magic
 + Level 2.9 Poison Magic
 + Level 3.9 Invocations
 + Level 7.5 Evocations


You had 12 spell levels left.
You knew the following spells:

 Your Spells              Type           Power      Damage    Failure   Level
a - Summon Small Mammal   Summ           48%        N/A       5%          1
b - Summon Guardian Gole  Hex/Summ       10%        N/A       26%         3

Your spell library contained the following spells:

 Spells                   Type           Power      Damage    Failure   Level
 Beastly Appendage        Tmut           16%        N/A       13%         1
 Slow                     Hex            32%        N/A       13%         1
 Wereblood                Tmut           8%         N/A       19%         2
 Confusing Touch          Hex            8%         N/A       36%         3
 Dazzling Flash           Conj/Hex       16%        N/A       36%         3
 Spider Form              Tmut/Pois      8%         N/A       36%         3
 Vampiric Draining        Necr           8%         2d6       36%         3
 Iskenderun's Mystic Bla  Conj/Tloc      8%         2d4       77%         4
 Conjure Ball Lightning   Conj/Air       4%         3x3d7     100%        6
 Starburst                Conj/Fire      4%         6d3       100%        6
 Discord                  Hex            4%         N/A       100%        8
 Disjunction              Tloc           4%         N/A       100%        8


Dungeon Overview and Level Annotations

Branches:
Dungeon (6/15)             Temple (0/1) D:5

Altars:
Lugonu

Annotations:
D:6 1 runed translucent door, Crazy Yiuf


Innate Abilities, Weirdness & Mutations

You have very sharp teeth.
Your uncanny sense of smell can sniff out nearby items.
Your experience applies equally to all skills.


Message History

* * * LOW HITPOINT WARNING * * *
The centaur barely misses you.
Your rat bites the centaur.
The yak gores your guardian golem but does no damage.
An orc comes into view. It is wielding a +0 short sword.
You block the black bear's attack. The black bear barely misses you.
The black bear claws you but does no damage.
You block the centaur's attack. The centaur barely misses you.
Your rat barely misses the centaur.
You slash the black bear! Your bite misses the black bear.
The black bear is moderately wounded.
The centaur hits you.
* * * LOW HITPOINT WARNING * * *
The centaur misses you. The yak gores your guardian golem.
Flame seeps out of your guardian golem. The black bear closely misses you. x2
The black bear claws you.
* * * LOW HITPOINT WARNING * * *
You feel yourself speed up.
The centaur hits you but does no damage.
The centaur misses you.
Your guardian golem is engulfed in blazing flames.
Flame seeps out of your guardian golem.
Your rat bites the centaur.
The black bear bites you.
* * * LOW HITPOINT WARNING * * *
The black bear claws you.
* * * LOW HITPOINT WARNING * * *
The black bear closely misses you. The yak gores your guardian golem.
Flame seeps out of your guardian golem.
Your guardian golem is engulfed in blazing flames.
Flame seeps out of your guardian golem.
Your rat bites the two-headed ogre but does no damage.
The orc hits your rat with a +0 short sword.
Your rat dies!
Your rat's corpse disappears in a puff of smoke!
Flame seeps out of your guardian golem.
An orc comes into view. It is wielding a +0 hand axe.
The yak gores your guardian golem. Flame seeps out of your guardian golem.
The two-headed ogre shouts in stereo!
The centaur wields a +0 shortbow.
The centaur shoots an arrow.
The arrow hits you!
You die...

...#
###...........##
....# ..##
##...o####...##
.....# ).# ##..5#
##...## .....# ..#
#.oY## ##...##
.....# ..# ##§c9##
##...##.....## ..#
##O..##
##..........# ..#
##.h.##
##.......... ..##
##...##
#.......... ...##
##@..####......###
....######
##.............#
.........##
#....####.....##
..........##
##..## #.....#
<#######...##
♣...P♣ #.....# .#
##...# ♣...♣♣
#......# .###
##...# ♣♣.♣♣
#>.....#
...#####....# ♣.♣♣
#......#
...........## ♣♣.♣
#......#


You could see a two-headed ogre, a yak (ally target), a black bear, a centaur, a
white imp, 2 orcs and a friendly guardian golem (summoned, inner flame).

Vanquished Creatures
  A water moccasin (D:5)
  A sky beast (D:6)
  An ice beast (D:6)
  A centaur (D:6)
  2 bullfrogs (D:6)
  A necrophage (D:5)
  A scorpion (D:6)
  2 hounds
  3 iguanas (D:4)
  2 orc wizards
  3 gnolls (D:2)
  8 adders
  A white imp (D:4)
  5 dart slugs
  8 orcs
  5 ball pythons
  7 endoplasms
  4 giant cockroaches
  5 goblins
  3 hobgoblins
  3 jackals (D:1)
  4 quokkas
  6 bats
  3 frilled lizards
  4 kobolds
  6 rats
90 creatures vanquished.

Vanquished Creatures (collateral kills)
  A bullfrog (D:6)
  An iguana (D:5)
  A gnoll (D:2)
  An adder (D:6)
  An ufetubus (D:5)
  An orc (D:4)
  A hobgoblin (D:4)
  A rat (D:2)
8 creatures vanquished.

Vanquished Creatures (others)
  A hornet (D:4)
1 creature vanquished.

Grand Total: 99 creatures vanquished

Notes
Turn   | Place    | Note
-------+----------+-------------------------------------------
     0 | D:1      | McGhostyFace the Gnoll Wanderer began the quest for the
                  | Orb.
     0 | D:1      | McGhostyFace set off with the following items: a +2
                  | falchion, a wand of flame (4), a scroll of teleportation, a
                  | +0 leather armour; and the following spell memorised:
                  | Summon Small Mammal; and the following spells available to
                  | memorise: Summon Guardian Golem.
     0 | D:1      | Reached XP level 1. HP: 13/13 MP: 4/4
   194 | D:1      | Reached XP level 2. HP: 19/19 MP: 5/5
   442 | D:1      | Found a faded altar of an unknown god.
   479 | D:1      | Prayed at the altar of an unknown god.
   479 | D:1      | Became a worshipper of Lugonu the Unformed
   479 | D:1      | Reached * piety under Lugonu
   479 | D:1      | Reached ** piety under Lugonu
   559 | D:1      | Reached XP level 3. HP: 22/25 MP: 7/7
   800 | D:1      | Reached skill level 1 in Invocations
  1038 | D:2      | Reached skill level 1 in Fighting
  1038 | D:2      | Reached skill level 1 in Short Blades
  1038 | D:2      | Reached skill level 1 in Axes
  1038 | D:2      | Reached skill level 1 in Maces & Flails
  1038 | D:2      | Reached skill level 1 in Polearms
  1038 | D:2      | Reached skill level 1 in Staves
  1038 | D:2      | Reached skill level 1 in Ranged Weapons
  1038 | D:2      | Reached skill level 1 in Throwing
  1038 | D:2      | Reached skill level 1 in Armour
  1038 | D:2      | Reached skill level 1 in Dodging
  1038 | D:2      | Reached skill level 1 in Stealth
  1038 | D:2      | Reached skill level 1 in Shields
  1038 | D:2      | Reached skill level 1 in Unarmed Combat
  1084 | D:2      | Reached XP level 4. HP: 14/32 MP: 5/8
  1112 | D:2      | Reached skill level 1 in Conjurations
  1112 | D:2      | Reached skill level 1 in Hexes
  1112 | D:2      | Reached skill level 1 in Necromancy
  1112 | D:2      | Reached skill level 1 in Translocations
  1112 | D:2      | Reached skill level 1 in Transmutations
  1112 | D:2      | Reached skill level 1 in Fire Magic
  1112 | D:2      | Reached skill level 1 in Ice Magic
  1112 | D:2      | Reached skill level 1 in Air Magic
  1112 | D:2      | Reached skill level 1 in Earth Magic
  1112 | D:2      | Reached skill level 1 in Poison Magic
  1937 | D:3      | Learned a level 3 spell: Summon Guardian Golem
  2151 | D:3      | Reached XP level 5. HP: 34/37 MP: 9/9
  2311 | D:3      | Reached *** piety under Lugonu
  2922 | D:4      | Noticed a hornet
  2929 | D:4      | Killed a hornet
  2930 | D:4      | Reached XP level 6. HP: 46/46 MP: 5/11
  3093 | D:4      | Reached XP level 7. HP: 41/52 MP: 10/12
  3616 | D:5      | Entered Level 5 of the Dungeon
  3621 | D:5      | Found a staircase to the Ecumenical Temple.
  3821 | D:5      | Reached skill level 9 in Long Blades
  4487 | D:6      | Reached XP level 8. HP: 60/60 MP: 10/14
  4561 | D:6      | HP: 1/61 [centaur/arrow (7)]
  4839 | D:6      | Found a runed translucent door.
  4840 | D:6      | Noticed Crazy Yiuf
  4884 | D:6      | Noticed a yak
  4906 | D:6      | Noticed a two-headed ogre
  4913 | D:6      | Shot with an arrow by a centaur

Illustrated notes

Levels and vault maps discovered:
D:1:      elethiomel_arrival_infinity_welcomes_careful_drivers,
          layout_loops_ring, ebering_ecumenical_altar_abandoned
D:2:      layout_basic
D:3:      layout_loops_cross
D:4:      layout_loops_ring, moated_statue
D:5:      layout_cave_pools, minmay_temple_entry_gardened_gates,
          kennysheep_generic_room_9
D:6:      layout_layer_cave, kennysheep_slug_shrine, kennysheep_little_box,
          nicolae_overflow_squiral, minmay_manual_monstrance,
          uniq_crazy_yiuf_cottage

Skill      XL: |  1  2  3  4  5  6  7 |
---------------+----------------------+-----
Invocations    | 1 2 3 |  3.9
Fighting       | 1 2 3 4 |  4.9
Short Blades   | 1 2 3 |  3.5
Axes           | 1 2 3 |  3.5
Maces & Flails | 1 2 3 |  3.5
Polearms       | 1 2 3 |  3.5
Staves         | 1 2 3 |  3.5
Ranged Weapons | 1 2 3 |  3.5
Throwing       | 1 2 3 |  3.5
Armour         | 1 2 3 |  3.5
Dodging        | 1 2 3 |  3.5
Stealth        | 1 2 3 |  3.5
Shields        | 1 2 3 |  3.5
Unarmed Combat | 1 2 3 |  3.5
Spellcasting   | 3 4 |  4.5
Conjurations   | 1 2 |  2.9
Hexes          | 1 2 |  2.9
Necromancy     | 1 2 |  2.9
Translocations | 1 2 |  2.9
Transmutations | 1 2 |  2.9
Fire Magic     | 1 2 |  2.9
Ice Magic      | 1 2 |  2.9
Air Magic      | 1 2 |  2.9
Earth Magic    | 1 2 |  2.9
Poison Magic   | 1 2 |  2.9
Summonings     | 4 |  4.8
Evocations     | 7 |  7.5
Long Blades    | 9 |  9.3

Action                   |  1- 3 |  4- 6 |  7- 9 || total
-------------------------+-------+-------+-------++-------
Melee: Falchion          |    73 |   113 |   113 ||   299
       Bite              |     6 |    11 |     6 ||    23
       Punch             |     1 |       |       ||     1
 Cast: Summon Small Mamm |     6 |     8 |    27 ||    41
       Summon Guardian G |       |     1 |     1 ||     2
  Use: Scroll            |       |       |     6 ||     6
       Potion            |       |       |     4 ||     4
 Stab: Sleeping          |     5 |     3 |     4 ||    12
       Distracted        |     1 |       |     2 ||     3
Armor: Leather armour    |    26 |    37 |    37 ||   100
Dodge: Dodged            |    47 |    51 |    58 ||   156
Block: Buckler           |       |    26 |    26 ||    52

Table legend: (Time is in decaauts)
 A = Elapsed time spent in this place.
 B = Non-inter-level travel time spent in this place.
 C = Inter-level travel time spent in this place.
 D = Time resting spent in this place.
 E = Time spent auto-exploring this place.
 F = Levels seen in this place.
 G = Mean time per level.
                   A        B        C        D        E       F      G
               +--------+--------+--------+--------+--------+-----+--------+
         Total |   4879 |   4644 |    235 |    563 |   3191 |   6 |  813.2 |
       Dungeon |   4879 |   4644 |    235 |    563 |   3191 |   6 |  813.2 |
               +--------+--------+--------+--------+--------+-----+--------+

Top non-repeatable levels by time:
     D:4: 992 daAuts
     D:1: 990 daAuts
     D:2: 896 daAuts
     D:5: 893 daAuts
     D:3: 713 daAuts
     D:6: 392 daAuts
